Unix NetHack Version 3.7.0-97 Work-in-progress - last build Feb 8 2024 15:05:57 (6d6cdf8371b60126770a3d7b88910941cb14a054,branch:master). Game began 2024-02-28 07:23:32, ended 2024-02-28 07:59:39. elenmirie, neutral female gnomish Archeologist -.--- |...| |...| -..<| --------- ----- -|--- |.......-# |*+?| ... 0#########+.......|# |@..| ..... ## ##|.%.....|## |...| ....... #|..(....| # -m- ------ - ##....^...| # @# |.......| # # --------- ### # ##### # #-.-+---|-- #.........| |........| |........| ---------- Elenmirie the Investigator St:12 Dx:10 Co:15 In:14 Wi:18 Ch:12 Neutral Dlvl:5 $:7 HP:0(44) Pw:28(28) AC:6 Xp:6/605 T:9618 Burdened Latest messages: What do you want to use or apply? [aegitwLO or ?*] w You put a scroll labeled VENZAR BORGAVVE into the sack. You put a brown potion into the sack. That door is closed. That door is closed. This door is locked. Unlock it with your lock pick? [ynq] (q) y You succeed in picking the lock. The door opens. You hear the chime of a cash register. You find a hidden door. The door resists! The door opens. You stop. Yermak is in the way! "Hello, elenmirie! Welcome to Kinojevis' general store!" "Will you please leave your pick-axe outside?" Yermak misses the small mimic. Yermak bites the small mimic. The small mimic hits Yermak. What do you want to use or apply? [aegitwLO or ?*] w You put an uncursed +0 pick-axe into the sack. Yermak picks up a tin. You lash the small mimic. You lash the small mimic. You lash the small mimic. Yermak drops a tin. You miss the small mimic. You miss the small mimic. The small mimic hits! You lash the small mimic. The small mimic hits! Yermak picks up a tin. You lash the small mimic. The small mimic hits! You lash the small mimic. You lash the small mimic. You lash the small mimic. You lash the small mimic. The small mimic hits! You lash the small mimic. You lash the small mimic. The small mimic hits! You lash the small mimic. The small mimic hits! You die... Do you want your possessions identified? [ynq] (y) y Do you want to see your attributes? [ynq] (y) y Do you want an account of creatures vanquished? [ynaq] (y) y Do you want to see your conduct and achievements? [ynq] (y) y Do you want to see the dungeon overview? [ynq] (y) y Inventory: Coins $ - 7 gold pieces Weapons p - 7 uncursed +0 darts A - an uncursed +0 elven dagger a - an uncursed +2 bullwhip (weapon in right hand) Armor B - an uncursed +0 helmet (being worn) v - an uncursed +0 studded leather armor (being worn) Comestibles I - an uncursed fortune cookie Rings r - a blessed +1 ring of increase accuracy l - an uncursed ring of regeneration Wands L - a blessed wand of death (0:3) Tools w - an uncursed sack containing 17 items e - an uncursed lock pick i - an uncursed oil lamp t - an uncursed tinning kit (0:55) Gems/Stones g - an uncursed touchstone Contents of the sack: 285 gold pieces an uncursed scroll of confuse monster an uncursed scroll of enchant weapon a cursed scroll of enchant weapon an uncursed scroll of food detection a cursed scroll of gold detection a blessed scroll of light 2 uncursed scrolls of light an uncursed scroll of scare monster an uncursed potion of full healing a blessed potion of gain energy 2 uncursed potions of gain energy a cursed potion of gain energy an uncursed potion of hallucination an uncursed potion of levitation an uncursed potion of speed an uncursed +0 pick-axe Elenmirie the Archeologist's attributes: Background: You were an Investigator, a level 6 female gnomish Archeologist. You were neutral, on a mission for Camaxtli who was opposed by Quetzalcoatl (lawful) and Huhetotl (chaotic). You were right-handed. You were in the Dungeons of Doom, on level 5. You entered the dungeon 9618 turns ago. You had 605 experience points, 35 more were needed to attain level 7. Basics: You had 0 out of 44 hit points. You had all 28 energy points (spell power). Your armor class was 6. Your wallet contained 7 zorkmids, and you had 285 more stashed away in your pack. Autopickup was on for '$' plus thrown. Final Characteristics: Your strength was 12 (limit:18/50). Your dexterity was 10 (limit:18). Your constitution was 15 (limit:18). Your intelligence was 14 (limit:19). Your wisdom was 18 (limit:18). Your charisma was 12 (limit:18). Final Status: You weren't hungry. You were burdened; movement was slightly slowed. You were wielding a whip. You had expert skill with whip. Final Attributes: You were piously aligned. You were cold resistant. You were sleep resistant. You were telepathic. You had automatic searching. You had infravision. You were stealthy. You were warded. You are dead. Miscellaneous: You never encountered a bones level. Total elapsed playing time was 36 minutes and 5 seconds. Major events: Turn 1: elenmirie the neutral female gnomish Archeologist entered the dungeon 792: entered the Gnomish Mines 993: attained the rank of Field Worker (level 3) 7105: attained the rank of Investigator (level 6) 9618: killed by a small mimic Vanquished creatures: a leprechaun a pony a fog cloud 2 shriekers 2 gray oozes 4 elf zombies a straw golem 9 giant ants a little dog 4 floating eyes a kitten a dwarf 2 homunculi a kobold leader a kobold shaman a rothe a rabid rat 3 giant bats 3 orc zombies a dwarf zombie 2 wererats 2 werejackals 4 iguanas 3 acid blobs 9 coyotes a hobbit a large kobold a hobgoblin 4 giant rats a yellow mold a green mold a red mold 2 garter snakes 3 gnome zombies 6 geckos 24 jackals a fox 4 kobolds 2 goblins 2 sewer rats 7 grid bugs 8 lichens 3 kobold zombies 6 newts 139 creatures vanquished. No species were genocided or became extinct. Voluntary challenges: You were illiterate. You never engraved Elbereth. You never genocided any monsters. You never polymorphed an object. You used no wishes. Achievements: You entered the Gnomish Mines. You attained the rank of Field Worker. You entered a shop. You attained the rank of Investigator. The Dungeons of Doom: levels 1 to 5 Level 1: A fountain. Level 2: An altar to Camaxtli, a fountain, a grave. Stairs down to The Gnomish Mines. Level 3: An altar to Camaxtli, a fountain, a grave. Level 4: A sink. Level 5: <- You were here. Final resting place for you, killed by a small mimic. The Gnomish Mines: Level 3: Game over: ---------- / \ / REST \ / IN \ / PEACE \ / \ | elenmirie | | 292 Au | | killed by a | | small mimic | | | | | | 2024 | *| * * * | * _________)/\\_//(\/(/\)/\//\/|_)_______ Goodbye elenmirie the Archeologist... You died in The Dungeons of Doom on dungeon level 5 with 2893 points, and 292 pieces of gold, after 9618 moves. You were level 6 with a maximum of 44 hit points when you died.